 Dungeon Crawl Stone Soup version 0.20.2-3-g29329e0561 (webtiles) character file.

998 Alfie the Cutter (level 8, -1/63 HPs)
             Began as a Hill Orc Fighter on Nov 29, 2022.
             Slain by a killer bee (7 damage)
             ... on level 6 of the Dungeon.
             The game lasted 00:13:32 (4127 turns).

Alfie the Cutter (Hill Orc Fighter)                 Turns: 4127, Time: 00:13:32

Health: -1/63      AC: 14    Str: 21    XL:     8   Next: 19%
Magic:  7/7        EV:  9    Int:  8    God:
Gold:   253        SH: 10    Dex: 10    Spells: 7/7 levels left

rFire    . . .     SeeInvis .   a - +0 rapier
rCold    . . .     Gourm    .   c - +0 shield
rNeg     . . .     Faith    .   b - +1 scale mail
rPois    .         Spirit   .   n - +0 helmet
rElec    .         Reflect  .   m - +0 cloak
rCorr    .         Harm     .   u - +2 pair of gloves
MR       +....                  (no boots)
Stlth    +.........             (no amulet)
Regen    0.2/turn               e - ring of stealth
MPRegen  0.1/turn               v - +1 ring of evasion

@: no status effects
A: frail 1, low mp 1, magic resistance 1
a: no special abilities


You were on level 6 of the Dungeon.
You were not hungry.

You visited 1 branch of the dungeon, and saw 6 of its levels.

You collected 253 gold pieces.

Inventory:

Hand Weapons
 a - a +0 rapier (weapon)
 l - a +2 quarterstaff of chaos
Armour
 b - a +1 scale mail (worn)
 c - a +0 shield (worn)
 m - a +0 cloak (worn)
 n - a +0 helmet (worn)
 u - a +2 pair of gloves (worn)
Jewellery
 e - a ring of stealth (left hand)
 g - an uncursed ring of ice
 v - a +1 ring of evasion (right hand)
Wands
 j - a wand of random effects (28/48)
 p - a wand of lightning (3/15)
Scrolls
 h - a scroll of remove curse
 i - 5 scrolls of fog
 q - 3 scrolls of teleportation
 r - a scroll of identify
Potions
 d - a potion of magic {unknown}
 k - a potion of might
 s - 2 potions of brilliance
Comestibles
 f - 7 bread rations


   Skills:
 + Level 5.8 Fighting
 + Level 6.0 Short Blades
 + Level 5.2 Armour
 + Level 1.1 Dodging
 + Level 0.3 Stealth
 + Level 5.9 Shields


You had 7 spell levels left.
You didn't know any spells.

Dungeon Overview and Level Annotations

Branches:
Dungeon (6/15)
 Temple: D:4-7

Altars:
Elyvilon
Makhleb
Vehumet

Annotations:
D:6 Eustachio


Innate Abilities, Weirdness & Mutations

You are frail. (-10% HP)
Your magical capacity is low. (-10% MP)
You are resistant to hostile enchantments. (MR+)


Message History

The killer bee is heavily wounded.
You block the killer bee's attack. x2
You miss the killer bee.
The killer bee is heavily wounded.
You block the killer bee's attack.
The killer bee stings you but does no damage.
You barely miss the killer bee.
The killer bee is heavily wounded.
You feel sick.
You are no longer poisoned.
The killer bee stings you but does no damage.
The killer bee barely misses you.
You barely miss the killer bee.
The killer bee is heavily wounded.
The killer bee stings you but does no damage.
You block the killer bee's attack.
You hit the killer bee.
The killer bee is severely wounded.
You block the killer bee's attack. The killer bee stings you!
You die...

#............
#...........o
#............
#.(........o.
#.........o.
#..g....... .
##g# #.
#####oo# #.##
#..@yc## ...
#..#### .####
####....###.#
.....
##...).......#
##.##
##.............
...
#............#+
..###
#............+
.
#...<........#
..
#..............
#..


You could see a gnoll sergeant, a centaur, a killer bee and 2 orcs.

Vanquished Creatures
  An ice beast (D:5)
  An ogre (D:5)
  2 phantoms
  A scorpion (D:4)
  3 killer bees
  A crimson imp (D:5)
  A centaur zombie (D:5)
  A bullfrog skeleton (D:5)
  A centaur skeleton (D:5)
  A hound (D:4)
  3 orc wizards
  Crazy Yiuf (D:2)
  3 worker ants
  A gnoll (D:6)
  2 adders (D:2)
  An ooze (D:4)
  A worm (D:2)
  2 leopard geckos
  20 orcs
  2 ball pythons
  3 giant cockroaches (D:2)
  3 goblins
  7 hobgoblins
  4 jackals
  6 kobolds
  6 bats
  4 frilled lizards
  A quokka skeleton (D:4)
  11 rats
94 creatures vanquished.

Notes
Turn   | Place    | Note
-------+----------+-------------------------------------------
     0 | D:1      | Alfie the Hill Orc Fighter began the quest for the Orb.
     0 | D:1      | Reached XP level 1. HP: 19/19 MP: 1/1
   337 | D:1      | Reached XP level 2. HP: 27/27 MP: 2/2
   848 | D:2      | Reached XP level 3. HP: 30/33 MP: 3/3
   889 | D:2      | Found a burning altar of Makhleb.
   896 | D:2      | Found a radiant altar of Vehumet.
  1171 | D:2      | Found a runed door.
  1176 | D:2      | Noticed Crazy Yiuf
  1182 | D:2      | Killed Crazy Yiuf
  1182 | D:2      | Reached XP level 4. HP: 37/40 MP: 4/4
  1543 | D:3      | Reached skill level 3 in Short Blades
  1543 | D:3      | Reached XP level 5. HP: 34/46 MP: 5/5
  2435 | D:4      | Noticed a phantom
  2507 | D:4      | Killed a phantom
  2507 | D:4      | Reached XP level 6. HP: 30/53 MP: 6/6
  2690 | D:4      | Reached skill level 4 in Short Blades
  3068 | D:4      | Reached skill level 5 in Shields
  3255 | D:5      | Entered Level 5 of the Dungeon
  3344 | D:5      | Found a white marble altar of Elyvilon.
  3360 | D:5      | Reached XP level 7. HP: 55/60 MP: 7/7
  3385 | D:5      | Reached skill level 5 in Fighting
  3385 | D:5      | Reached skill level 5 in Short Blades
  3564 | D:5      | Reached skill level 1 in Dodging
  3693 | D:5      | Reached skill level 5 in Armour
  3698 | D:5      | Gained mutation: You are frail. (-10% HP) [potion of mutation]
  3698 | D:5      | Gained mutation: Your magical capacity is low. (-10% MP) [potion of mutation]
  3698 | D:5      | Gained mutation: You are resistant to hostile enchantments. (MR+) [potion of mutation]
  3955 | D:5      | Reached XP level 8. HP: 52/62 MP: 7/7
  3997 | D:6      | Noticed Eustachio
  4098 | D:6      | Reached skill level 6 in Short Blades
  4127 | D:6      | Slain by a killer bee

Skill      XL: |  1  2  3  4  5  6  7  8 |
---------------+-------------------------+-----
Fighting       | 4 5 |  5.8
Shields        | 4 5 |  5.9
Short Blades   | 3 4 5 6 |  6.0
Armour         | 4 5 |  5.2
Dodging        | 1 |  1.1
Stealth        | |  0.3

Action                   |  1- 3 |  4- 6 |  7- 9 || total
-------------------------+-------+-------+-------++-------
Melee: Rapier            |    97 |   199 |   198 ||   494
Evoke: Wand              |       |       |     2 ||     2
  Use: Scroll            |     3 |    11 |     1 ||    15
       Potion            |     1 |       |     4 ||     5
  Eat: Bread ration      |     1 |       |     1 ||     2
       Fruit             |       |     2 |       ||     2
       Royal jelly       |       |     1 |     1 ||     2
Armor: Scale mail        |    34 |   107 |    89 ||   230
Dodge: Dodged            |    31 |    45 |    85 ||   161
Block: Shield            |    64 |   100 |   113 ||   277
